AoeStats
← AGE OF AI

Arena

509328695Analyzed
4v4 RM · 7d ago on Sep 26, 2026· 38m 34s· 8 players
Game mode
Random Map
Map size
Large (8 player)
Population
200
Speed
Normal
Resources
Standard
Victory
Conquest
Starting age
Dark Age
Ending age
Imperial Age
RankedLock teamsTeams togetherTeam positionsShared explorationLock speedFull tech treeHidden civsTurbo modeCheats
Victory
Defeat
🇷🇺 Saxons · Russia
1049
+16
🇳🇱 Magyars · Netherlands
1042
+16
🇳🇱 Franks · Netherlands
1016
+18
🇳🇱 Spanish · Netherlands
997
+18
🇨🇳 Khmer · China
1112
-19
🇺🇦 Danes · Ukraine
1056
-17
🇦🇷 Huns · Argentina
1044
-17
🇨🇳 Franks · China
995
-15
Panic A-Move
10:36 Feudal Age
16:38 Castle Age
14:49 Double-Bit Axe
15:11 Horse Collar
15:30 Stone Mining
15:23 Horse Collar
16:24 Gold Mining
16:40 Loom
17:31 Wheelbarrow
17:51 Bow Saw
17:56 Heavy Plow
19:47 Gold Shaft Mining
20:15 Stone Shaft Mining
25:01 Squires
25:30 Gambesons
27:09 Pikeman
28:18 Hamask
35:09 Imperial Age
32:53 Scale Mail Armor
33:36 Hand Cart
33:58 Forging
w4br9u364q6
11:45 Feudal Age
16:33 Castle Age
14:42 Double-Bit Axe
15:18 Horse Collar
17:55 Bow Saw
17:47 Heavy Plow
17:40 Stone Mining
20:01 Wheelbarrow
19:16 Loom
22:22 Hand Cart
24:34 Gold Mining
25:35 Fletching
28:38 Bodkin Arrow
31:26 Padded Archer Armor
31:39 Elite Skirmisher
32:52 Thumb Ring
此时无声胜有声
2:36 Loom
10:58 Feudal Age
15:40 Castle Age
13:51 Double-Bit Axe
14:10 Horse Collar
19:43 Wheelbarrow
26:00 Gold Mining
26:00 Stone Mining
30:59 Imperial Age
28:46 Hand Cart
28:17 Town Watch
29:06 Bloodlines
29:07 Fletching
30:01 Heavy Plow
30:14 Bow Saw
30:51 Pikeman
31:44 Forging
31:34 Scale Mail Armor
31:40 Scale Barding Armor
33:08 Iron Casting
32:18 Halberdier
34:15 Conscription
34:18 Chain Mail Armor
35:41 Gold Shaft Mining
34:48 Heavy Scorpion
35:34 Light Cavalry
36:15 Husbandry
36:39 Chain Barding Armor
37:20 Blast Furnace
38:19 Plate Barding Armor
214547429
5:34 Loom
10:41 Feudal Age
14:38 Castle Age
13:01 Double-Bit Axe
16:06 Bow Saw
22:33 Wheelbarrow
22:49 Gold Mining
23:00 Stone Mining
24:24 Hand Cart
27:21 Gold Shaft Mining
29:49 Imperial Age
28:35 Scale Barding Armor
28:40 Forging
29:55 Ballistics
30:00 Chain Barding Armor
30:12 Husbandry
29:57 Cavalier
30:26 Light Cavalry
31:29 Town Watch
32:37 Plate Barding Armor
32:38 Iron Casting
32:32 Paladin
33:37 Town Patrol
33:40 Squires
33:54 Masonry
33:24 Treadmill Crane
julian
11:14 Feudal Age
11:19 Loom
14:54 Castle Age
13:35 Double-Bit Axe
13:53 Horse Collar
23:04 Pikeman
31:41 Scale Barding Armor
32:34 Bloodlines
32:25 Husbandry
34:52 Light Cavalry
38:37 Imperial Age
Ryu
3:29 Loom
10:46 Loom
12:31 Feudal Age
16:48 Castle Age
16:13 Forging
17:16 Scale Barding Armor
17:18 Double-Bit Axe
18:51 Bloodlines
21:15 Iron Casting
20:42 Horse Collar
24:05 Heavy Plow
25:17 Bow Saw
27:41 Chain Barding Armor
29:28 Wheelbarrow
29:04 Husbandry
34:07 Imperial Age
33:00 Hand Cart
32:45 Gold Mining
32:47 Stone Mining
33:00 Caravan
33:53 Town Watch
34:42 Ballistics
34:15 Fletching
34:27 Padded Archer Armor
34:43 Cavalier
36:26 Blast Furnace
36:28 Town Patrol
37:22 Plate Barding Armor
36:29 Paladin
38:33 Bodkin Arrow
38:53 Leather Archer Armor
AGE OF AI
2:44 Loom
10:26 Feudal Age
16:51 Castle Age
15:06 Double-Bit Axe
18:24 Bow Saw
18:37 Gold Mining
18:38 Stone Mining
24:09 Scale Barding Armor
24:23 Forging
25:11 Chain Barding Armor
25:13 Husbandry
26:08 Wheelbarrow
28:33 Iron Casting
29:46 Hand Cart
30:51 Gold Shaft Mining
32:01 Fletching
31:59 Town Watch
35:40 Imperial Age
35:44 Cavalier
37:02 Plate Barding Armor
PBILLOTTE
0:58 Loom
10:51 Feudal Age
12:14 Double-Bit Axe
14:15 Horse Collar
16:44 Castle Age
15:53 Stone Mining
19:18 Wheelbarrow
22:48 Scale Mail Armor
28:47 Imperial Age
27:38 Chain Mail Armor
28:30 Bow Saw
28:44 Gold Mining
28:56 Capped Ram
31:24 Plate Mail Armor
31:04 Forging
31:51 Heavy Plow
32:21 Siege Ram
34:04 Iron Casting
34:39 Hand Cart
34:59 Elite Hearth Troop
36:01 Conscription
36:16 Town Watch
38:19 Hoardings
Connection lost

Rejoining the realm…

Still unreachable

The connection could not be restored.

Session expired

The server has moved on; the page needs a fresh start.